 Dungeon Crawl Stone Soup version 0.22-a0-368-g870eee8 (webtiles) character file.

18 dstrtnsr the Ogre Mage (level 2, 0/27 HPs)
             Began as an Ogre Enchanter on Apr 23, 2018.
             Succumbed to an adder's poison
             ... on level 2 of the Dungeon.
             The game lasted 00:02:00 (251 turns).

dstrtnsr the Ogre Mage (Ogre Enchanter)              Turns: 251, Time: 00:02:01

Health: 0/27       AC:  3    Str: 16    XL:     2   Next: 66%
Magic:  1/5        EV: 10    Int: 16    God:
Gold:   30         SH:  0    Dex:  9    Spells: 3/6 levels left

rFire    . . .     SeeInvis .   a - +1 dagger
rCold    . . .     Gourm    .   (no shield)
rNeg     . . .     Faith    .   b - +0 robe
rPois    .         Spirit   .   (helmet restricted)
rElec    .         Reflect  .   (no cloak)
rCorr    .         Harm     .   (gloves unavailable)
MR       .....                  (boots unavailable)
Stlth    ++........             (no amulet)
HPRegen  0.09/turn              (no ring)
MPRegen  0.09/turn              (no ring)

@: mighty, lethally poisoned (0 -> -12), very slightly contaminated
A: large, unfitting armour, tough skin 1
a: no special abilities


You were on level 2 of the Dungeon.
You were not hungry.

You visited 1 branch of the dungeon, and saw 2 of its levels.

You collected 30 gold pieces.

Inventory:

Hand Weapons
 a - a +1 dagger (weapon)
Armour
 b - a +0 robe (worn)
Scrolls
 c - a scroll of identify {unknown}
 f - a scroll of random uselessness {unknown}
 g - a scroll of enchant armour {unknown}
Comestibles
 d - a ration {!d}


   Skills:
 + Level 1.5 Fighting
 - Level 1.0 Short Blades
 + Level 2.1 Dodging
 - Level 2.1 Stealth
 + Level 2.8 Spellcasting
 - Level 2.6 Hexes


You had 3 spell levels left.
You knew the following spells:

 Your Spells              Type           Power        Failure   Level  Hunger
a - Corona                Hex            ##.....      6%          1    #......
b - Ensorcelled Hibernat  Hex/Ice        #.....       17%         2    ##.....


Dungeon Overview and Level Annotations

Branches:
Dungeon (2/15)

Altars:


Innate Abilities, Weirdness & Mutations

You are too large for most types of armour.
You have tough skin. (AC +1)


Message History

The hobgoblin hits you.
Damage: -19%(-5hp) hp: 78%(21hp) Unknown command.
Casting: Ensorcelled Hibernation (safe; 17% risk of failure)
Confirm with . or Enter, or press ? or * to list all spells.
You don't have enough magic to cast that spell.
Unknown command.
You hit the hobgoblin.
The hobgoblin is severely wounded.
You hit the hobgoblin.
You kill the hobgoblin!
You see here a hobgoblin corpse.
There is a stone staircase leading down here.
Found a stone staircase leading up.
An adder comes into view.
The adder hisses angrily.
Casting: Ensorcelled Hibernation (safe; 17% risk of failure)
Confirm with . or Enter, or press ? or * to list all spells.
Aiming: Ensorcelled Hibernation (safe; 17% risk of failure)
Press: ? - help, Shift-Dir - straight line, f - adder
Aim: an adder (chance to defeat MR: 47%)
You miscast Ensorcelled Hibernation.
You are very lightly contaminated with residual magic.
You feel uncomfortably cold.
Found a scroll labeled TODUFU WEP ZEU.
The adder bites you.
You are poisoned.
The adder poisons you!
Damage: -4%(-1hp) hp: 89%(24hp)
You feel sick.
Damage: -3%(-1hp) hp: 86%(23hp)
Casting: Ensorcelled Hibernation (safe; 17% risk of failure)
Confirm with . or Enter, or press ? or * to list all spells.
Aiming: Ensorcelled Hibernation (safe; 17% risk of failure)
Press: ? - help, Shift-Dir - straight line, f/p - adder
Aim: an adder (chance to defeat MR: 47%)
You miscast Ensorcelled Hibernation.
Nothing appears to happen.
You feel sick. The adder bites you but does no damage.
Damage: -4%(-1hp) hp: 82%(22hp)
You hit the adder.
The adder is moderately wounded.
The adder misses you.
You closely miss the adder.
The adder is moderately wounded.
The adder barely misses you. The adder bites you but does no damage.
You hit the adder but do no damage.
The adder is moderately wounded.
You feel sick. The adder bites you but does no damage.
Damage: -4%(-1hp) hp: 78%(21hp)
You hit the adder.
The adder is heavily wounded.
The adder closely misses you.
You hit the adder but do no damage.
The adder is heavily wounded.
The adder bites you.
Damage: -4%(-1hp) hp: 78%(21hp)
You hit the adder.
The adder is almost dead.
You feel sick. The adder bites you.
You are more poisoned.
The adder poisons you! The adder bites you.
Damage: -11%(-3hp) hp: 67%(18hp) Unknown command.
You miss the adder.
The adder is almost dead.
You feel sick. The adder bites you.
* * * LOW HITPOINT WARNING * * *
You are lethally poisoned!
The adder poisons you!
Huge Dmg: -18%(-5hp) hp: 49%(13hp) It was a potion of might.
You feel very mighty all of a sudden.
* * * LOW HITPOINT WARNING * * *
You feel sick. The adder bites you.
* * * LOW HITPOINT WARNING * * *
You are more poisoned.
The adder poisons you!
Huge Dmg: -23%(-6hp) hp: 26%(7hp)
You closely miss the adder.
The adder is almost dead.
* * * LOW HITPOINT WARNING * * *
You feel sick. The adder bites you but does no damage.
Damage: -3%(-1hp) hp: 23%(6hp)
You puncture the adder!
You kill the adder!
* * * LOW HITPOINT WARNING * * *
You feel sick.
Damage: -4%(-1hp) hp: 19%(5hp)
* * * LOW HITPOINT WARNING * * *
You feel sick.
Damage: -4%(-1hp) hp: 15%(4hp)
* * * LOW HITPOINT WARNING * * *
You feel sick.
Huge Dmg: -7%(-2hp) hp: 8%(2hp)
* * * LOW HITPOINT WARNING * * *
You feel sick.
Huge Dmg: -4%(-1hp) hp: 4%(1hp)
You open the door.
You die...

### .## ..# ..# #.# #.#
+# #.# #.# ... ##.# ##.#
.... ##.# ##..# .....
##.########...####......
................@'......
##.########...####......
...# ##..### ..... ####
#.....# .... # #.....#
... . #.....# +# #.
#.....##### #.#
#.........? ##..#######


There were no monsters in sight!

Vanquished Creatures
  An adder (D:2)
  2 goblins (D:1)
  A hobgoblin (D:2)
  A bat (D:1)
  2 frilled lizards
  4 rats (D:1)
11 creatures vanquished.

Notes
Turn   | Place    | Note
-------+----------+-------------------------------------------
     0 | D:1      | dstrtnsr the Ogre Enchanter began the quest for the Orb.
     0 | D:1      | Reached XP level 1. HP: 16/16 MP: 3/3
    45 | D:1      | Reached skill level 1 in Short Blades
   182 | D:1      | Reached skill level 1 in Fighting
   182 | D:1      | Reached XP level 2. HP: 25/27 MP: 3/5
   186 | D:1      | Learned a level 2 spell: Ensorcelled Hibernation
   245 | D:2      | HP: 7/27 [adder (5)]
   249 | D:2      | HP: 2/27 [poisoned by an adder]
   251 | D:2      | Succumbed to an adder's poison

Vault maps used:
D:1:      lightli_arrival_isolated_outpost, hex_large

Skill      XL: |  1 |
---------------+----+-----
Short Blades   | 1 |  1.0
Fighting       | 1 |  1.5
Dodging        | 2 |  2.1
Stealth        | |  2.1
Spellcasting   | |  2.8
Hexes          | |  2.6

Action                   || total
-------------------------++-------
Melee: Dagger            ||    33
 Cast: Corona            ||     7
       Ensorcelled Hiber ||     2
  Use: Potion            ||     1
 Stab: Sleeping          ||     1
Armor: Robe              ||    11
Dodge: Dodged            ||    15

Table legend:
 A = Spawn XP
 B = Non-spawn XP
 C = Spawn XP percentage of total XP
 D = Spawn monster count
 E = Non-spawn monster count
 F = Spawn count percentage of total count
 G = Total turns spent on level
                    A         B        C        D         E        F      G
               +---------+---------+-------+---------+---------+-------+---------
         Total |       0 |      26 |   0.0 |       0 |      11 |   0.0 |   251
               +---------+---------+-------+---------+---------+-------+---------
           D:1 |       0 |      10 |   0.0 |       0 |       8 |   0.0 |   189
           D:2 |       0 |      16 |   0.0 |       0 |       3 |   0.0 |    62
               +---------+---------+-------+---------+---------+-------+---------
